[Event "Early-Titled-Tuesday-Blitz-March-19-2024"]
[Site "Chess.com"]
[Date "2024.03.19"]
[Round "5"]
[White "dianamirza"]
[Black "talaicito"]
[Result "0-1"]
[WhiteElo "1992"]
[BlackElo "2275"]
[TimeControl "180+1"]
[EndTime "8:58:14 PDT"]
[Termination "talaicito won on time"]

1. e4 c5 2. Nf3 d6 3. d4 cxd4 4.
Nxd4 Nf6 5. Nc3 g6 6. Be3 Bg7 7. f3 O-O 8. Qd2 Nc6 9. Bg1 Bd7 10. g4 Rc8 11. h4 h5 12. gxh5 Nxh5 13. Bf2 Nxd4 14.
Bxd4 Ng3 15. Bxg7 Kxg7 16. Rg1 Nxf1 17. Kxf1 Bh3+ 18. Kf2 e5 19. h5 Qh4+ 20. Rg3 Be6 21. hxg6 fxg6 22. Rg1 Rf6 23. Qg5 Qxg5 24. Rxg5 a6 25.
Ke3 b5 26. R1g2 Rcf8 27. R5g3 Rc8 28. Nd5 Bxd5 29. exd5 Rc5 30. Rd2 Kf7 31. c3 a5 32.
Rh3 Kg7 33. Rdh2 Rf7 34. Rh7+ Kf6 35. Rxf7+ Kxf7 36. Ke4 Rc4+ 37. Ke3 Kf6 38. Rh8 Rc5 39. Ke4 Rc4+ 40. Ke3 b4 41. cxb4 axb4 42. Rb8 Kf5 43. b3 Rc3+ 44. Ke2 Rc2+ 45. Kd3 Rxa2 46. Rxb4 g5 47. Rb6 Rf2 48. Rxd6 Rxf3+ 49. Ke2 Rxb3 50. Rd8 Rb4 51. d6 Rd4 52. d7 Ke4 53. Rg8 Rxd7 54. Rxg5 Ra7 55. Rg3 Ra2+ 56. Ke1 Kf4 57. Rb3 e4 58.
Rb8 Kf3 59. Rb3+ e3 60. Rb8 Ra1+ 0-1

[Event "Early-Titled-Tuesday-Blitz-March-19-2024"]
[Site "Chess.com"]
[Date "2024.03.19"]
[Round "5"]
[White "Korchmar_Vasiliy"]
[Black "the_chess_child"]
[Result "0-1"]
[WhiteElo "2695"]
[BlackElo "2869"]
[TimeControl "180+1"]
[EndTime "8:58:15 PDT"]
[Termination "the_chess_child won on time"]

1. e4 c5 2. d4 cxd4 3. Qxd4 Nc6 4. Qd3 g6 5. Nc3 Bg7 6. Nf3 d6 7. Be2 Nf6 8. O-O O-O 9. Nd5 Nxd5 10. exd5 Bf5 11. Qd1 Ne5 12. Nxe5 Bxe5 13. c3 Rc8 14. Be3 a6 15. a4 Qa5 16. Bf3 b5 17. axb5 Qxb5 18. Qd2 Rb8 19. Ra2 Bd3 20. Re1 Bc4 21.
Be2 Qxd5 22. Bxc4 Qxc4 23. Rea1 Qb3 24. h4 h5 25. g3 Rfc8 26. Qd3 a5 27. Bc1 Qe6 28.
Rxa5 Bf6 29. Kg2 Kg7 30. Ra7 Rc5 31. R1a5 Rxa5 32. Rxa5 Qe1 33. Qe3 Qd1 34. Qh6+ Kg8 35. Be3 Qc2 36. Ra2 Qe4+ 37. Kh2 Qd5 38. Ra7 Rxb2 39.
Rc7 Rb8 40. Bd4 Bxd4 41. cxd4 Qxd4 42. Kg2 Qe4+ 43. Kh2 Qf5 44. Qe3 e6 45. Rc4 Qe5 46. Re4 Qf6 47. Rf4 Qe7 48. Qf3 d5 49. g4 Qxh4+ 50.
Kg2 hxg4 51. Rxg4 Qh5 52. Qg3 Rb3 53. f3 Rb2+ 54. Kg1 Qf5 55. Ra4 Qb1+ 0-1

[Event "Early-Titled-Tuesday-Blitz-March-19-2024"]
[Site "Chess.com"]
[Date "2024.03.19"]
[Round "5"]
[White "Evandro_Barbosa"]
[Black "Rud_Makarian"]
[Result "0-1"]
[WhiteElo "2680"]
[BlackElo "2969"]
[TimeControl "180+1"]
[EndTime "8:58:15 PDT"]
[Termination "Rud_Makarian won by resignation"]

1. e4 c5 2. Nf3 d6 3. Bb5+ Nd7 4. d4 cxd4 5. Qxd4 a6 6. Bxd7+ Bxd7 7. c4 Nf6 8. Bg5 e6 9. Nc3 Be7 10. O-O Bc6 11. Rad1 O-O 12. Rfe1 Rc8 13. Bxf6 Bxf6 14.
Qxd6 Bxc3 15. bxc3 Qa5 16. Qb4 Qh5 17. Rd6 h6 18. Nd4 Rfd8 19. e5 Qg5 20. Nxc6 Rxc6 21. Qxb7 Rcxd6 22. exd6 Qd2 23. Rf1 Qxd6 24. g3 a5 25. Qb5 Qc7 26. Rb1 Rc8 27. h4 g6 28.
Kg2 Kg7 29. Rb2 Qxc4 30. Qxc4 Rxc4 31. Rb5 Ra4 32. Rb2 Kf6 33. Kf3 Rc4 34. Rc2 Ke5 35. Ke3 Kd5 36. Kd3 e5 37. Rb2 e4+ 38. Kd2 Ra4 39.
Ke3 Kc6 40. Rd2 f5 41. Rc2 Rc4 42. Kd2 g5 43. Rb2 Ra4 44. hxg5 hxg5 45. Ke3 Rc4 46. Kd2 f4 47. gxf4 gxf4 48. Rb8 Ra4 49. Rb2 Kc5 50. Rc2 Kc4 51. Rb2 Ra3 52. Rc2 a4 53. Rb2 Rxc3 54. Rb8 Rd3+ 55. Ke2 f3+ 56. Ke1 Kc3 57. Ra8 Kb4 58. Rb8+ Ka3 59. Re8 Rd4 60. Ra8 Kxa2 0-1

[Event "Early-Titled-Tuesday-Blitz-March-19-2024"]
[Site "Chess.com"]
[Date "2024.03.19"]
[Round "5"]
[White "TitarovVasiliYouTube"]
[Black "Hongjin"]
[Result "1-0"]
[WhiteElo "2547"]
[BlackElo "2702"]
[TimeControl "180+1"]
[EndTime "8:58:17 PDT"]
[Termination "TitarovVasiliYouTube won by resignation"]

1. e4 c5 2. Nf3 e6 3. Be2 Nc6 4. O-O Nf6 5. d3 d5 6. Nbd2 Be7 7. Re1 O-O 8. c3 b6 9. a4 Bb7 10. Bf1 Qc7 11. b3 dxe4 12. dxe4 Rad8 13. Qe2 Na5 14.
Bb2 Ng4 15. c4 Nc6 16. e5 Nh6 17. Ne4 Nf5 18. Rad1 Ncd4 19. Nxd4 Nxd4 20. Bxd4 Rxd4 21. Rxd4 cxd4 22. Ng3 Rd8 23. Rd1 Bc5 24. Qe1 a5 25. Bd3 Bb4 26. Qe2 Bc3 27. Nh5 Qc5 28. f4 g6 29.
Nf6+ Kg7 30. Qg4 Qa3 31. Nxh7 Qxb3 32. Ng5 Rh8 33. Rb1 Qa2 34. h3 Rh4 35. Qg3 Rxf4 36.
Rxb6 Qd2 37. Nxe6+ Kh7 38. Ng5+ Kg7 39. Ne6+ Kh7 40.
Rxb7 Qe1+ 41. Qxe1 Bxe1 42. Ng5+ Kh6 43. Nf3 Bd2 44. Ra7 Be3+ 45. Kf1 g5 46. Ke2 g4 47. hxg4 Rxg4 48. Kf1 Rf4 49. Rxa5 Kh5 50. Ke2 Kg4 51. Ra6 Kg3 52. Rf6 Kxg2 53. Rxf4 Bxf4 54. Nxd4 Kg3 55. Nf3 Kg4 56. a5 Bg5 57. a6 Bd8 58. a7 1-0

[Event "Early-Titled-Tuesday-Blitz-March-19-2024"]
[Site "Chess.com"]
[Date "2024.03.19"]
[Round "5"]
[White "Kacparov"]
[Black "MightyMike_009"]
[Result "1-0"]
[WhiteElo "2920"]
[BlackElo "2719"]
[TimeControl "180+1"]
[EndTime "8:58:20 PDT"]
[Termination "Kacparov won by resignation"]

1. e4 e5 2. Nf3 Nc6 3. Bc4 Bc5 4. c3 Nf6 5. d3 a6 6. Bb3 Ba7 7. Nbd2 d6 8. h3 h6 9. Nf1 Nh5 10. N3h2 Nf4 11. Bxf4 exf4 12. d4 Qe7 13. Nd2 Bd7 14. Qf3 g5 15. O-O-O O-O-O 16. Rhe1 h5 17. Qd3 g4 18.
Bd5 Qh4 19. Qe2 Rhf8 20. Rh1 Qg5 21. hxg4 hxg4 22. Bxc6 Bxc6 23. Qxg4+ Qxg4 24. Nxg4 f5 25. exf5 Bxg2 26. Rh5 Rde8 27. Rg1 Bd5 28. Kd1 b5 29. f3 Kb7 30. a3 a5 31. Re1 Rxe1+ 32. Kxe1 Bf7 33.
Rh7 Kc6 34. Ne4 Bd5 35. f6 b4 36. axb4 axb4 37. Kd2 Bb6 38. Kd3 bxc3 39. bxc3 Be6 40.
Rh5 d5 41. Nef2 Kb7 42. Rg5 Bd7 43. Ne5 Bb5+ 44. Kd2 c5 45. dxc5 Bxc5 46. Nfg4 d4 47. f7 dxc3+ 48. Kxc3 Rc8 49. Rg8 Bf8+ 50. Kb3 Kb6 51.
Nf6 Ka5 52. Kb2 Rb8 53. Kc2 Ba4+ 54. Kd3 Rd8+ 55. Ke4 Bc2+ 56. Kxf4 Bh6+ 57. Kg4 Rd1 58. f8=Q Rg1+ 59. Kh3 Bxf8 60. Rxg1 Bf5+ 61. Kh4 Be7 62. Kg5 1-0

[Event "Early-Titled-Tuesday-Blitz-March-19-2024"]
[Site "Chess.com"]
[Date "2024.03.19"]
[Round "5"]
[White "xakevicius91"]
[Black "alvarorodriguezavila"]
[Result "1-0"]
[WhiteElo "2542"]
[BlackElo "2334"]
[TimeControl "180+1"]
[EndTime "8:58:20 PDT"]
[Termination "xakevicius91 won on time"]

1. e4 c5 2. Nf3 g6 3. Bc4 Bg7 4. c3 d6 5. O-O Nc6 6. h3 Nf6 7.
Re1 O-O 8. d4 cxd4 9. cxd4 d5 10. exd5 Nxd5 11. Nc3 Nb6 12. Bb3 Nxd4 13. Nxd4 Qxd4 14.
Qf3 Bf5 15. Rxe7 Nc4 16. Rxb7 a5 17. Nb5 Qc5 18. Rc7 Qxb5 19. Bxc4 Qb6 20. Bf4 Qxb2 21. Re1 Be6 22. Bd6 Bxc4 23. Bxf8 Rxf8 24. Rxc4 Qxa2 25.
Qc6 Qd2 26. Re8 Rxe8 27. Qxe8+ Bf8 28. Rc8 Qd1+ 29. Kh2 Qd6+ 30. g3 Kg7 31. Ra8 Qc5 32. Qe2 Be7 33. Re8 Bf6 34. Re4 h5 35. h4 Bc3 36. Rc4 Qe5 37. Qd3 Bb4 38. Re4 Qf6 39. Kg2 Qf5 40. Qd4+ Qf6 41. Qe3 Qd6 42. Rd4 Qc6+ 43.
Kh2 Bc5 44. Qe5+ Qf6 45. Qxf6+ Kxf6 46. Rd5 Bxf2 47. Rxa5 Be1 48. Rb5 Kg7 49. Kg2 Bc3 50.
Kf3 Ba1 51. Rb3 Be5 52. Rd3 Kf6 53. Rd5 Ba1 54. Ke4 Kg7 55. Rb5 Bc3 56. Rc5 Be1 57.
Ke3 Bxg3 58. Rc4 Be1 59. Kf3 f6 60. Re4 g5 61. Rxe1 g4+ 62. Kf4 Kg6 63. Ra1 1-0

[Event "Early-Titled-Tuesday-Blitz-March-19-2024"]
[Site "Chess.com"]
[Date "2024.03.19"]
[Round "5"]
[White "Bauman_Guy"]
[Black "PepeCuenca"]
[Result "1/2-1/2"]
[WhiteElo "2921"]
[BlackElo "2732"]
[TimeControl "180+1"]
[EndTime "8:58:21 PDT"]
[Termination "Game drawn - insufficient material"]

1. e4 c5 2. Nf3 Nc6 3. d4 cxd4 4. Nxd4 e5 5. Nb5 d6 6. a4 Be7 7. N1c3 a6 8. Na3 Nf6 9. Bg5 O-O 10. Bxf6 Bxf6 11.
Bc4 Bg5 12. O-O Kh8 13. Nd5 f5 14. exf5 Bxf5 15. c3 Rc8 16. Nc2 Ne7 17. Nxe7 Qxe7 18. Bd5 Rc5 19. Ne3 Bg6 20. Qd2 Qd7 21. b4 Rcc8 22.
a5 Rf6 23. Rad1 Rcf8 24. Qe2 Qc7 25. c4 h6 26. g3 Bxe3 27. Qxe3 Bf7 28. c5 dxc5 29.
Qxc5 Qxc5 30. bxc5 Bxd5 31. Rxd5 e4 32. Re5 Rf5 33.
Rxf5 Rxf5 34. Rc1 Rf3 35. c6 bxc6 36. Rxc6 e3 37. fxe3 Rxe3 38. Rxa6 Ra3 39. Kg2 Ra2+ 40. Kh3 Kh7 41. g4 Ra3+ 42. Kg2 Ra2+ 43. Kg3 g5 44. Ra8 Ra3+ 45. Kg2 Kg7 46. a6 Kh7 47. Kf2 Ra2+ 48. Ke3 Rxh2 49. Rb8 Ra2 50. Rb6 Kg7 51. Ke4 Ra4+ 52.
Kf5 Ra5+ 53. Ke6 h5 54. gxh5 Kh6 55. Kd7+ Kxh5 56. Kc7 g4 57. Kb7 Rxa6 58. Kxa6 Kh4 59. Kb5 g3 60. Kc4 g2 61. Rb1 Kg3 62. Kd3 Kf2 63.
Rb2+ Kf1 64. Rxg2 Kxg2 1/2-1/2

[Event "Early-Titled-Tuesday-Blitz-March-19-2024"]
[Site "Chess.com"]
[Date "2024.03.19"]
[Round "5"]
[White "mishanick"]
[Black "OparinGrigoriy"]
[Result "1/2-1/2"]
[WhiteElo "3126"]
[BlackElo "2989"]
[TimeControl "180+1"]
[EndTime "8:58:22 PDT"]
[Termination "Game drawn - insufficient material"]

1. d4 d5 2. c4 e6 3. Nc3 Be7 4. Nf3 Nf6 5. Bg5 h6 6. Bxf6 Bxf6 7.
cxd5 exd5 8. Qb3 c6 9. e3 O-O 10. Bd3 Re8 11. O-O Nd7 12. h3 Nf8 13. Rfe1 Qb6 14.
Qc2 Bd7 15. Na4 Qd8 16. Nc5 Rb8 17. b4 a6 18. a4 Ne6 19. b5 axb5 20. axb5 Nxc5 21.
Qxc5 b6 22. Qd6 c5 23. Qxd5 Be6 24. Qxd8 Rbxd8 25. Ra6 cxd4 26. exd4 Bxd4 27. Nxd4 Rxd4 28.
Re3 Bd7 29. Be2 Rd6 30. Rxe8+ Bxe8 31. Ra8 Kf8 32. Rb8 Ke7 33. Rb7+ Kf6 34. Bc4 g5 35. Kf1 Bd7 36. Ke2 Ke5 37. Rb8 f5 38. Bd3 Kd4 39.
Rd8 Kc5 40. Kd2 f4 41. Kc3 f3 42. gxf3 Bxh3 43. Rh8 Bd7 44. Rd8 Kd5 45. Be4+ Ke5 46. Kb4 g4 47. Ba8 gxf3 48. Bxf3 Rd4+ 49. Kc3 Rf4 50. Bc6 Be6 51. f3 Rf6 52. Rb8 Bd5 53. Rxb6 Rxf3+ 54. Kb4 Bxc6 55. Rxc6 h5 56. Rc5+ Kd6 57.
b6 Rf1 58. Rxh5 Kc6 59. Ka5 Ra1+ 60. Kb4 Kxb6 61. Rh6+ Kc7 62. Rh3 Kb6 63. Rb3 Ra6 64. Kc4+ Ka7 65. Kb4 Rb6+ 66. Ka3 Rxb3+ 67. Kxb3 1/2-1/2

[Event "Early-Titled-Tuesday-Blitz-March-19-2024"]
[Site "Chess.com"]
[Date "2024.03.19"]
[Round "5"]
[White "HansOnTwitch"]
[Black "baki83"]
[Result "1/2-1/2"]
[WhiteElo "3078"]
[BlackElo "2867"]
[TimeControl "180+1"]
[EndTime "8:58:22 PDT"]
[Termination "Game drawn - insufficient material"]

1. d4 d5 2. c4 e6 3. Nf3 Nf6 4. g3 Be7 5. Bg2 O-O 6. Nc3 c6 7. O-O Nbd7 8. h4 h6 9. Qd3 b6 10. e4 Ba6 11. b3 e5 12. Nxe5 dxc4 13. Qe2 Nxe5 14. dxe5 Nd7 15. Bf4 Nc5 16. Rad1 Qc8 17. bxc4 Qe6 18. Nd5 cxd5 19. exd5 Qd7 20. e6 fxe6 21.
dxe6 Qa4 22. Bd5 Rad8 23. Qg4 Rxd5 24. Bxh6 Bf6 25. e7 Re8 26. Rxd5 Qxc4 27. Qxc4 Bxc4 28.
Rd8 Kf7 29. Rxe8 Kxe8 30. Rc1 Bxa2 31. Be3 Bxe7 32. Ra1 Bd5 33. Rxa7 Nd7 34. h5 Bf3 35. h6 gxh6 36. Bxh6 b5 37. Bd2 b4 38. Ra5 b3 39.
Rb5 Bd1 40. Bc3 Bc2 41. g4 Bf6 42. Bxf6 Nxf6 43. f3 Nd7 44. Kf2 Ke7 45. Ke3 Kd6 46. Kd2 Nc5 47. g5 Bf5 48. Kc3 Bc2 49. f4 Na4+ 50. Kd2 Kc6 51. Rb4 Nc5 52. Kc3 Ne4+ 53. Kd4 Nd6 54. Kc3 Nb5+ 55. Kb2 Kc5 56. Rxb3 Bxb3 57.
Kxb3 Nd6 58. Kc3 Nf5 59. Kd3 Kd5 60. g6 Ke6 61. Ke4 Kf6 62. g7 Nxg7 63. f5 Nxf5 1/2-1/2

[Event "Early-Titled-Tuesday-Blitz-March-19-2024"]
[Site "Chess.com"]
[Date "2024.03.19"]
[Round "5"]
[White "kpio91"]
[Black "vi_pranav"]
[Result "1-0"]
[WhiteElo "2860"]
[BlackElo "3048"]
[TimeControl "180+1"]
[EndTime "8:58:22 PDT"]
[Termination "kpio91 won on time"]

1. g3 d5 2. Bg2 Nf6 3. Nf3 c6 4. O-O Bg4 5. h3 Bxf3 6. exf3 Nbd7 7. d3 e6 8. f4 Bd6 9. Nd2 O-O 10. Nf3 Rc8 11. Re1 Qc7 12. c3 c5 13. Qe2 Rfe8 14.
Ne5 Nf8 15. Bd2 N6d7 16. h4 Ng6 17. Ng4 f5 18. Ne3 Nf6 19. c4 d4 20. Nc2 e5 21.
fxe5 Nxe5 22. Qf1 Rf8 23. f4 Neg4 24. Bf3 h6 25. Rab1 b6 26. b4 cxb4 27. Nxb4 Bc5 28. Na6 Qd6 29. Nxc5 bxc5 30. Rb7 Rc7 31. Rb2 Ne3 32.
Bxe3 dxe3 33. Rxe3 Qd4 34. Re2 Rcc8 35. Qf2 Rb8 36. Rd2 Rb1+ 37. Kg2 Qa1 38. Re7 Rfb8 39. Rde2 Rd1 40. Qxc5 Rxd3 41. Qxf5 Rxf3 42. Kxf3 Qf1+ 43. Ke3 Qc1+ 44. Kf2 Qh1 45. Qe6+ Kh8 46. Qf7 Qh2+ 47. Kf3 Qh1+ 48. Ke3 Ng4+ 49. Kd3 Rd8+ 50. Kc3 Qc1+ 51. Kb4 Rb8+ 52. Ka4 Qd1+ 53. Ka5 Qd8+ 54. Rc7 1-0

[Event "Early-Titled-Tuesday-Blitz-March-19-2024"]
[Site "Chess.com"]
[Date "2024.03.19"]
[Round "5"]
[White "AsterPhoenix"]
[Black "malakismayil"]
[Result "0-1"]
[WhiteElo "2650"]
[BlackElo "2522"]
[TimeControl "180+1"]
[EndTime "8:58:22 PDT"]
[Termination "malakismayil won by resignation"]

1. e4 e5 2. Nf3 Nc6 3. Bc4 Bc5 4. d3 Nf6 5. Nc3 O-O 6. Bg5 h6 7. Bxf6 Qxf6 8. Nd5 Qd8 9. c3 d6 10. d4 exd4 11. cxd4 Bb6 12. O-O Bg4 13. Nxb6 axb6 14. d5 Ne5 15. Be2 Bxf3 16. Bxf3 f5 17. exf5 Rxf5 18.
Be4 Rf4 19. f3 Qg5 20. Rc1 Rf7 21. a3 Raf8 22. Kh1 Qh4 23. Qe1 Qg5 24. Rc3 Ng4 25.
Qg3 Nf6 26. Qxg5 hxg5 27. Bg6 Re7 28. Rd3 Re5 29. Kg1 Nxd5 30. Be4 Nf4 31. Rd2 d5 32. Bb1 Rfe8 33. g3 Re2 34. Rxe2 Nxe2+ 35. Kf2 Nd4 36. Bd3 c5 37. Rd1 Kf8 38. Rd2 Ke7 39. Bf1 Kf6 40. Bg2 Ke6 41. Bf1 Kd6 42. Bg2 Rh8 43. Kg1 Rf8 44. Kf2 g4 45. f4 g5 46.
Ke3 gxf4+ 47. gxf4 Nf5+ 48. Kf2 d4 49. Re2 Ne3 50. Kg3 c4 51. Bxb7 Rg8 52. Be4 Kc5 53. f5 Re8 54. Kf4 Nd5+ 55. Kxg4 d3 56. Bxd3 Rg8+ 57.
Kf3 cxd3 58. Rd2 Rh8 59. Rxd3 Rxh2 60. Rb3 Rh3+ 61. Kg4 Rxb3 62. f6 Nxf6+ 0-1

[Event "Early-Titled-Tuesday-Blitz-March-19-2024"]
[Site "Chess.com"]
[Date "2024.03.19"]
[Round "5"]
[White "Rurep26"]
[Black "stollenmonster"]
[Result "1/2-1/2"]
[WhiteElo "2729"]
[BlackElo "2913"]
[TimeControl "180+1"]
[EndTime "8:58:24 PDT"]
[Termination "Game drawn - insufficient material"]

1. d4 Nf6 2. Bf4 e6 3. e3 d5 4. Nd2 Bd6 5. Bg3 c5 6. c3 O-O 7.
Bd3 Nc6 8. Ngf3 Qe7 9. Ne5 Nd7 10. Nxd7 Bxd7 11. Bxd6 Qxd6 12. dxc5 Qxc5 13. Bxh7+ Kxh7 14. Qh5+ Kg8 15. Ne4 Qb5 16. Ng5 Rfd8 17. Qxf7+ Kh8 18. Rd1 d4 19. Qh5+ Kg8 20. Qf7+ Kh8 21.
Qh5+ Kg8 22. Qh7+ Kf8 23. Qh8+ Ke7 24. Qxg7+ Kd6 25. Nf7+ Kc7 26. Nxd8 Rxd8 27. exd4 Qxb2 28. Qg3+ Kc8 29. O-O Qxa2 30. Rfe1 Qd5 31. Rc1 a5 32. Red1 Qc4 33. h4 Ne7 34. Qg5 Nf5 35. h5 Bc6 36.
Re1 Qd5 37. f3 Qd7 38. Qf6 Rg8 39. Qxe6 Qxe6 40. Rxe6 Nh4 41. h6 Rxg2+ 42. Kf1 Rh2 43. Rce1 Nxf3 44. R1e3 a4 45. Rxc6+ bxc6 46. Rxf3 Rxh6 47.
Rf2 Rh3 48. Ra2 Rxc3 49. Rxa4 Kd7 50. Ke2 c5 51. Kd2 Rh3 52. dxc5 Kc6 53. Rc4 Rh5 54.
Kd3 Rxc5 55. Kd4 Rxc4+ 56. Kxc4 1/2-1/2

[Event "Early-Titled-Tuesday-Blitz-March-19-2024"]
[Site "Chess.com"]
[Date "2024.03.19"]
[Round "5"]
[White "andrzej"]
[Black "IMRosen"]
[Result "1/2-1/2"]
[WhiteElo "2508"]
[BlackElo "2657"]
[TimeControl "180+1"]
[EndTime "8:58:25 PDT"]
[Termination "Game drawn by stalemate"]

1. e4 c5 2. Nf3 e6 3. d4 cxd4 4. Nxd4 Nc6 5. Bf4 d6 6. Nxc6 bxc6 7. c4 e5 8. Be3 Nf6 9. Nc3 Be7 10. Bd3 O-O 11. O-O Be6 12. b4 Ng4 13. Bd2 Bg5 14. Be1 g6 15. h3 Nh6 16. Qe2 f5 17. Rd1 Qf6 18. f3 Rad8 19. Bf2 Rf7 20. b5 c5 21. a4 Bh4 22. Be3 f4 23. Bd2 g5 24. a5 Rg7 25.
Nd5 Bxd5 26. cxd5 Nf7 27. b6 axb6 28. axb6 h5 29. b7 Nh6 30. Rb1 Rb8 31. Ba6 g4 32. fxg4 hxg4 33. hxg4 Nxg4 34. Rb3 Qg6 35. Qf3 Bg3 36. Be1 Bh2+ 37. Kh1 Rh7 38. Qh3 Rxh3 39.
gxh3 Ne3 40. Rxe3 fxe3 41. Kxh2 Qh6 42. Rg1+ Kh8 43. Bg3 e2 44. Re1 Qd2 45. Rxe2 Qd4 46. Rf2 Qxe4 47. Bf1 Qxd5 48. Bg2 e4 49. Re2 Qd3 50.
Rxe4 d5 51. Rh4+ Kg7 52. Bxb8 Qb5 53. Rg4+ Kf6 54. Bxd5 c4 55. Bg2 c3 56. Bg3 c2 57.
b8=Q Qxb8 58. Bxb8 c1=Q 59. Bg3 Kf5 60. Rf4+ Kg5 61.
Rg4+ Kf5 62. Rf4+ Qxf4 63. Bxf4 Kxf4 64. Bf1 Kg5 65. Kg3 Kh6 66. Kg4 Kh7 67. Kh5 Kh8 68. Kh6 Kg8 69. Bd3 Kh8 70. h4 Kg8 71. h5 Kh8 72. Kg6 Kg8 73. h6 Kh8 74. h7 1/2-1/2

[Event "Early-Titled-Tuesday-Blitz-March-19-2024"]
[Site "Chess.com"]
[Date "2024.03.19"]
[Round "5"]
[White "SlavenPastar"]
[Black "DarZay"]
[Result "0-1"]
[WhiteElo "2569"]
[BlackElo "2362"]
[TimeControl "180+1"]
[EndTime "8:58:27 PDT"]
[Termination "DarZay won by checkmate"]

1. Nf3 Nf6 2. g3 d5 3. Bg2 c5 4.
c4 e6 5. cxd5 exd5 6. d4 Nc6 7.
O-O h6 8. Nc3 Be6 9. b3 Be7 10.
Bb2 O-O 11. Rc1 b6 12. Na4 Nd7 13.
dxc5 bxc5 14. a3 Rc8 15. Qc2 d4 16. Rfd1 Rb8 17. Nd2 Nce5 18. h3 f5 19. f4 Ng6 20. Ba1 Rc8 21. Nb2 Nb6 22. Nbc4 Nd5 23. Nf1 Bf6 24. e3 Qe7 25. exd4 cxd4 26. Bxd4 Bxd4+ 27. Rxd4 Nb6 28. Qf2 Nxc4 29. bxc4 Qxa3 30. Re1 Bxc4 31.
Rd7 a6 32. Rd4 Rfd8 33. Rxd8+ Rxd8 34. h4 Qd6 35. Ne3 Bd3 36. Rd1 Qe6 37. Bf1 Qe4 38.
Qd2 Re8 39. Bxd3 Qxe3+ 40. Qxe3 Rxe3 41. Bxf5 Ne7 42. Bh3 Rxg3+ 43. Bg2 Rg4 44. Rd7 Kf8 45. Rd8+ Kf7 46. h5 Rxf4 47. Ra8 Ra4 48. Ra7 Ra1+ 49. Kh2 Kf6 50. Bf3 a5 51. Be2 Ra2 52. Ra6+ Kg5 53. Re6 Nf5 54. Kg1 Nd4 55. Rg6+ Kf4 56.
Bd3 Rd2 57. Bf1 Nf3+ 58. Kh1 Rh2# 0-1

[Event "Early-Titled-Tuesday-Blitz-March-19-2024"]
[Site "Chess.com"]
[Date "2024.03.19"]
[Round "5"]
[White "cande_francisco"]
[Black "MightyGMpretender"]
[Result "0-1"]
[WhiteElo "2528"]
[BlackElo "2809"]
[TimeControl "180+1"]
[EndTime "8:58:28 PDT"]
[Termination "MightyGMpretender won by resignation"]

1. e4 c5 2. Nf3 b6 3. d4 cxd4 4. Nxd4 Bb7 5. Bd3 g6 6. c4 Bg7 7.
Be3 Nc6 8. Bc2 Nf6 9. Nc3 O-O 10.
O-O Rc8 11. Qe2 d6 12. Rfd1 Ne5 13. b3 a6 14. Nd5 e6 15. Nxf6+ Qxf6 16. Rac1 Rfd8 17.
f4 Nd7 18. Nf3 Qe7 19. b4 d5 20. cxd5 exd5 21. e5 Qxb4 22. Rb1 Qa5 23. Bb3 Nc5 24. Nd4 Ne4 25. Qf3 Nc3 26. Bd2 Qc5 27. Bxc3 Qxc3 28. Rd3 Qc5 29. Rbd1 a5 30. Kh1 Ba6 31.
R3d2 Bc4 32. h3 b5 33. e6 Bxd4 34. exf7+ Kxf7 35. Rxd4 Bxb3 36. axb3 Qc3 37. Qg4 Qxb3 38. f5 Kg7 39. fxg6 hxg6 40. Qg5 Re8 41. Rxd5 Rf8 42.
Rd7+ Rf7 43. Qe5+ Kg8 44. Rd8+ Rxd8 45. Rxd8+ Rf8 46. Rd7 Rf1+ 47. Kh2 Rf7 48. Rd8+ Rf8 49. Rd7 Rf7 50. Rd8+ Rf8 51. Rd6 Qf7 52. Kg3 Kh7 53.
Re6 Qg7 54. Re7 Rf7 55. Rxf7 Qxf7 56. Qxb5 Qc7+ 57. Kf2 Qa7+ 58. Kf1 a4 59. Qb2 a3 60. Qa2 Qa5 61. Kg1 Kg7 62. Kh2 Qc3 63. Qd5 Qa5 64.
Qd7+ Kf6 65. Qd4+ Qe5+ 0-1

[Event "Early-Titled-Tuesday-Blitz-March-19-2024"]
[Site "Chess.com"]
[Date "2024.03.19"]
[Round "5"]
[White "ATM622"]
[Black "Winner_7777"]
[Result "1-0"]
[WhiteElo "2498"]
[BlackElo "2632"]
[TimeControl "180+1"]
[EndTime "8:58:28 PDT"]
[Termination "ATM622 won on time"]

1. d4 d5 2. c4 e6 3. Nf3 c6 4. Nbd2 f5 5. Qc2 Nf6 6. g3 Bd6 7. Bg2 O-O 8. O-O a5 9. Ne5 b6 10. b3 Bb7 11. Bb2 Na6 12. Rac1 Rc8 13. Qb1 Qe7 14. Ndf3 Ne4 15. cxd5 cxd5 16. Qd3 Nb4 17.
Qb1 Nc6 18. Qd3 Nb4 19. Qb1 g5 20. a3 Nc6 21. Nxc6 Bxc6 22. Ne5 Bxe5 23. dxe5 Nd2 24.
Qd3 Nxf1 25. Bxf1 Bb7 26. Qb5 Rxc1 27. Bxc1 Qc5 28. Qxc5 bxc5 29. Bxg5 a4 30. bxa4 Ra8 31. Be7 c4 32. Bb4 Rxa4 33. e3 Ba6 34. Be2 c3 35. Bd1 Rxb4 36. axb4 Bd3 37. b5 Bxb5 38. Bc2 Kf7 39.
f3 Ke7 40. Kf2 Kd7 41. g4 fxg4 42. fxg4 h6 43. h4 Ke7 44. Kg3 Kf7 45. Kf4 Kg7 46. h5 Be2 47. Kg3 Kf7 48. Kf4 Ke7 49. g5 hxg5+ 50.
Kxg5 Kf7 51. h6 Bc4 52. Bg6+ Kg8 53. Bc2 Ba2 54. Kf6 Kh8 55. Ke7 Kg8 56. Kd6 Bc4 57. Kc5 Kf7 58. Kd4 Be2 59. Kxc3 Bh5 60. Kd4 Bg6 61. h7 1-0

[Event "Early-Titled-Tuesday-Blitz-March-19-2024"]
[Site "Chess.com"]
[Date "2024.03.19"]
[Round "5"]
[White "Agibileg"]
[Black "GOGIEFF"]
[Result "0-1"]
[WhiteElo "2828"]
[BlackElo "3011"]
[TimeControl "180+1"]
[EndTime "8:58:29 PDT"]
[Termination "GOGIEFF won by resignation"]

1. d4 Nf6 2. c4 e6 3. Nc3 Bb4 4. e3 O-O 5. Bd3 c5 6. Ne2 cxd4 7. exd4 d5 8. cxd5 Nxd5 9. O-O Nc6 10. Nxd5 Qxd5 11. Be3 Bd6 12. Nc3 Qa5 13. d5 exd5 14. Nxd5 Be6 15. Qh5 h6 16. Be4 f5 17. Qg6 Rae8 18. Bxh6 Be5 19. Nf4 Nd4 20. Bd3 Bf7 21. Qg3 Re6 22. Bg5 Rg6 23. Nxg6 Bxg3 24. Ne7+ Kh7 25.
fxg3 g6 26. Rf4 Ne6 27. Rh4+ Kg7 28. Be3 Rd8 29. Bc4 Qc7 30. Nd5 Rxd5 31. Bxd5 Qe5 32. Bh6+ Kf6 33. Bxe6 Bxe6 34. Bf4 Qe2 35. Rf1 Bd5 36.
Rf2 Qe1+ 37. Rf1 Qe2 38. Rf2 Qd1+ 39. Rf1 Qc2 40. Rf2 Qb1+ 41. Rf1 Qxb2 42. Rf2 Qb1+ 43. Rf1 Qxa2 44. Rf2 Qb1+ 45. Rf1 Qc2 46. Rf2 Qc5 47. Rh8 a5 48. h4 a4 49. Rh7 a3 50. Bg5+ Ke6 51.
Re7+ Qxe7 52. Bxe7 Kxe7 53. Rf1 b5 54. h5 gxh5 55.
Rd1 a2 56. Kf2 b4 57. Ke3 b3 58. Kd4 b2 59. Kxd5 a1=Q 0-1

[Event "Early-Titled-Tuesday-Blitz-March-19-2024"]
[Site "Chess.com"]
[Date "2024.03.19"]
[Round "5"]
[White "bangchess21"]
[Black "nekotyanof"]
[Result "1-0"]
[WhiteElo "2844"]
[BlackElo "2659"]
[TimeControl "180+1"]
[EndTime "8:58:29 PDT"]
[Termination "bangchess21 won by resignation"]

1. a3 Nf6 2. Nf3 g6 3. c4 Bg7 4. e3 c6 5. Be2 d5 6. O-O O-O 7.
d4 Nbd7 8. Nc3 Re8 9. cxd5 Nxd5 10. e4 Nxc3 11. bxc3 Nf6 12. Bd3 Bg4 13. Rb1 Qc7 14.
h3 Be6 15. Ng5 Bd7 16. Qb3 e6 17. Qxb7 Qxb7 18. Rxb7 Reb8 19. Rxb8+ Rxb8 20. Bc2 c5 21. Nf3 cxd4 22. cxd4 Rc8 23. Bb1 Bc6 24. Nd2 Bh6 25.
Nb3 Bf8 26. f3 Ba4 27. Nd2 Nh5 28. Re1 Nf4 29. Kf2 Be7 30. Nf1 Bg5 31. Bd2 Bc2 32.
Bxf4 Bxf4 33. Bxc2 Rxc2+ 34. Re2 Rc3 35. g3 Bc7 36. d5 exd5 37. exd5 Rxa3 38. Kg2 a5 39. Re7 Bd6 40. Rd7 Ra2+ 41. Kh1 Bc5 42. Rc7 Bb4 43. Rb7 Ra1 44. Kg2 Rd1 45. Ne3 Rd3 46. Ng4 Rd2+ 47. Kf1 h5 48. Nh6+ Kg7 49. Nxf7 Rxd5 50. Ng5+ Kg8 51. Ne4 Rd1+ 52. Ke2 Re1+ 53. Kd3 Rd1+ 54. Ke3 Re1+ 55. Kf4 Ba3 56. Kg5 Re3 57. Nf6+ Kf8 58. Kxg6 Be7 59. Rb8+ 1-0

[Event "Early-Titled-Tuesday-Blitz-March-19-2024"]
[Site "Chess.com"]
[Date "2024.03.19"]
[Round "5"]
[White "axvesik"]
[Black "GMKrikor"]
[Result "0-1"]
[WhiteElo "2565"]
[BlackElo "2891"]
[TimeControl "180+1"]
[EndTime "8:58:29 PDT"]
[Termination "GMKrikor won by resignation"]

1. e4 c5 2. Nf3 Nc6 3. d4 cxd4 4. Nxd4 Nf6 5. Nc3 e5 6. Ndb5 d6 7. Bg5 a6 8. Na3 b5 9. Nd5 Be7 10. Bxf6 Bxf6 11. c4 b4 12. Nc2 O-O 13. Qf3 Bg5 14. h4 Bh6 15. g4 Bf4 16. Be2 Rb8 17. b3 Re8 18. Rd1 Qa5 19. Nxf4 exf4 20. Rxd6 Qxa2 21. Bd1 Ne5 22. Qxf4 Bxg4 23. Ne3 Bxd1 24. Rxd1 Qxb3 25. O-O Ng6 26. Qg4 Qc3 27. h5 Ne5 28. Qg3 Rbc8 29. h6 g6 30. Rc1 Qb2 31. Nd5 Kh8 32. Rb1 Qd4 33. Rbd1 Qc5 34. Qf4 Re6 35. Rd2 Rce8 36. Rfd1 Qf8 37. Nf6 Rc8 38. Nd7 Nxd7 39. Rxd7 g5 40.
Qf5 Rxh6 41. Rxf7 Qg8 42. Rdd7 Re8 43. Rf6 Rg6 44. Rxg6 Qxg6 45. Qd5 Qe6 46. Qd4+ Qe5 47. Qa7 Qxe4 48. Qb7 Qxb7 49. Rxb7 a5 50. Rb5 Ra8 51. c5 Kg7 52. c6 Kf6 53. c7 Rc8 54. Rxa5 Rxc7 55.
Rb5 Rc4 56. Kg2 h5 57. Kg3 h4+ 58. Kf3 Kg6 59. Kg2 Kh5 60. Kh3 Rc3+ 61. Kg2 b3 62. Kh2 Kg4 63. Kg2 Kf4 64. Rb4+ Ke5 65. Rb5+ Kd4 66.
Rxg5 Kc4 67. Rg8 b2 68. Rc8+ Kb3 69. Rb8+ Kc2 0-1